 Dungeon Crawl Stone Soup version 0.29.1-15-g9cfb28693d (webtiles) character file.

Game seed: 16277807051818895330

358 CatalinOSBI the Magician (level 6, -4/32 HPs)
             Began as a Deep Elf Fire Elementalist on Mar 29, 2023.
             Was an Initiate of Kikubaaqudgha.
             Slain by an iguana (6 damage)
             ... on level 4 of the Dungeon.
             The game lasted 00:20:37 (5480 turns).

CatalinOSBI the Magician (DEFE)                     Turns: 5480, Time: 00:20:40

Health: -4/32      AC:  5    Str:  5    XL:     6   Next: 37%
Magic:  12/17      EV: 12    Int: 22    God:    Kikubaaqudgha [......]
Gold:   239        SH:  0    Dex: 15    Spells: 14/17 levels left

rFire   . . .      SeeInvis .   j - +12 glaive of Prune {vorpal}
rCold   . . .      Faith    .   (shield currently unavailable)
rNeg    . . .      Spirit   .   a - +1 robe
rPois   .          Reflect  .   (no helmet)
rElec   .          Harm     .   (no cloak)
rCorr   .          Rampage  .   (no gloves)
Will    .....                   k - +1 pair of boots
Stlth   ++........              s - amulet of magic regeneration
HPRegen 0.10/turn               (no ring)
MPRegen 0.55/turn               (no ring)

@: no status effects
A: no striking features
a: Renounce Religion


You were on level 4 of the Dungeon.
You worshipped Kikubaaqudgha.
Kikubaaqudgha was noncommittal.
You visited 1 branch of the dungeon, and saw 4 of its levels.

You collected 239 gold pieces.

Inventory:

Hand Weapons
 c - a +0 short sword
 h - a +1 short sword of venom
 j - the +12 glaive of Prune (weapon) {vorpal}
   (You found it on level 2 of the Dungeon)

   It inflicts extra damage upon your enemies.
   It halves damage taken while paralysed, petrified or unconscious.
Armour
 a - a +1 robe (worn)
 k - a +1 pair of boots (worn)
Jewellery
 e - an amulet of regeneration
 i - an amulet of guardian spirit
 s - an amulet of magic regeneration (around neck)
Wands
 g - a wand of polymorph (12)
 o - a wand of quicksilver (3)
Scrolls
 n - a scroll of poison
 q - a scroll of torment {unknown}
 t - a scroll of fear {unknown}
 u - a scroll of blinking {unknown}
Potions
 b - 2 potions of magic
 d - a potion of resistance
 f - a potion of brilliance
 l - 2 potions of ambrosia
 m - a potion of flight {unknown}
 p - a potion of mutation
 r - 3 potions of curing {unknown}


   Skills:
 - Level 2.4 Dodging
 - Level 2.4 Stealth
 * Level 6.1 Spellcasting
 + Level 3.2 Conjurations
 * Level 5.6 Fire Magic


You had 14 spell levels left.
You knew the following spells:

 Your Spells              Type           Power      Damage    Failure   Level
a - Foxfire               Conj/Fire      100%       2x1d9     1%          1
b - Scorch                Fire           62%        2d8       1%          2

Your spell library contained the following spells:

 Spells                   Type           Power      Damage    Failure   Level
 Conjure Flame            Conj/Fire      26%        6-21      4%          3
 Inner Flame              Hex/Fire       19%        N/A       9%          3
 Flame Wave               Conj/Fire      26%        2d8       14%         4
 Summon Forest            Summ/Tloc      3%         N/A       94%         5
 Eringya's Noxious Bog    Tmut/Pois      3%         N/A       100%        6
 Summon Hydra             Summ           3%         N/A       100%        7


Dungeon Overview and Level Annotations

Branches:
Dungeon (4/15)
 Temple: D:4-7

Altars:
Kikubaaqudgha
Zin


Message History

The orc wizard attacks as you move away!
The orc wizard hits you but does no damage.
Casting: Scorch (safe; 1% risk of failure)
Press: ? - help, Q - select action, (/) - cycle Dir - look around, f - activate Flames lash the orc wizard.
The orc wizard is lightly wounded.
The orc wizard's fire resistance burns away.
The orc wizard points at you and mumbles some strange words.
The magic dart hits you!
* * * LOW HITPOINT WARNING * * *
Casting: Scorch (safe; 1% risk of failure)
Press: ? - help, Q - select action, (/) - cycle Dir - look around, f - activate Flames lash the orc wizard.
The orc wizard is burned terribly!
The orc wizard is severely wounded.
The orc wizard closely misses you.
Unknown command.
Casting: Scorch (safe; 1% risk of failure)
Press: ? - help, Q - select action, (/) - cycle Dir - look around, f - activate Flames lash the orc wizard but do no damage.
The orc wizard hits you with a +0 dagger.
* * * LOW HITPOINT WARNING * * *
Aiming: Polymorph
Press: ? - help, Q - select action, (/) - cycle Shift-Dir - straight line, f - orc wizard
Aim: an orc wizard, wielding a +0 dagger and wearing a +2 robe of willpower (severely wounded, more vulnerable to fire, will become a howler monkey, an iguana, or a killer bee, chance to affect: 17%)
The orc wizard evaporates and reforms as an iguana!
Okay, then.
The iguana hisses menacingly.
The iguana attacks as you move away! The iguana bites you.
* * * LOW HITPOINT WARNING * * *
Casting: Scorch (safe; 1% risk of failure)
Confirm with . or Enter, or press ? or * to list all spells.
Okay, then.
Casting: Scorch (safe; 1% risk of failure)
Press: ? - help, Q - select action, (/) - cycle Dir - look around, f - activate Flames lash the iguana.
The iguana is heavily wounded.
The iguana's fire resistance burns away.
The iguana bites you.
You die...
Kikubaaqudgha rasps: "You have failed me!
Welcome... death!"

.... #.... ....
#<... .....
#.... .....
#.... ......
#.... .[...'###
#....
#####..)).#
#....
####...#####.#
#....
....._.@l..).##
#####
####...#####..#
#####......#
....#...)# .#
#.####
#.#############
#..............
###############


You could see an iguana (combustible).

Vanquished Creatures
  2 scorpions (D:4)
  3 hounds (D:4)
  An iguana (D:4)
  6 adders
  A worm (D:3)
  A dart slug (D:2)
  5 orcs (D:4)
  6 endoplasms
  2 giant cockroaches
  5 goblins
  A hobgoblin (D:2)
  4 jackals (D:3)
  7 kobolds
  2 quokkas
  5 ball pythons
  7 bats
  7 rats
65 creatures vanquished.

Vanquished Creatures (others)
  50 foxfires
50 creatures vanquished.

Grand Total: 115 creatures vanquished

Notes
Turn   | Place    | Note
-------+----------+-------------------------------------------
     0 | D:1      | CatalinOSBI the Deep Elf Fire Elementalist began the quest
                  | for the Orb.
     0 | D:1      | Reached XP level 1. HP: 10/10 MP: 6/6
   457 | D:1      | Reached XP level 2. HP: 15/15 MP: 6/8
  1071 | D:2      | Reached XP level 3. HP: 19/19 MP: 8/10
  1113 | D:2      | Found the +12 glaive of Prune {vorpal}
  1173 | D:2      | Reached skill level 4 in Spellcasting
  1269 | D:2      | Learned a level 2 spell: Scorch
  3685 | D:3      | Reached XP level 4. HP: 24/24 MP: 2/12
  4314 | D:3      | Found an ancient bone altar of Kikubaaqudgha.
  4353 | D:3      | Became a worshipper of Kikubaaqudgha
  4655 | D:4      | Reached skill level 5 in Spellcasting
  4655 | D:4      | Reached XP level 5. HP: 17/28 MP: 1/14
  4782 | D:4      | Reached skill level 5 in Fire Magic
  5161 | D:4      | Found a sand-covered staircase.
  5400 | D:4      | Reached XP level 6. HP: 32/32 MP: 10/16
  5417 | D:4      | Reached skill level 6 in Spellcasting
  5447 | D:4      | Found a glowing silver altar of Zin.
  5480 | D:4      | Slain by an iguana

Illustrated notes

Levels and vault maps discovered:
D:1:      matt_arrival_grand_opening, layout_basic
D:2:      layout_rooms
D:3:      layout_rooms, amcnicky_altar_gilded
D:4:      layout_basic, mainiacjoe_overflow_surrounded_room,
          nicolae_ossuary_entry_plus

Skill      XL: |  1  2  3  4  5  6 |
---------------+-------------------+-----
Spellcasting   | 4 5 6 |  6.1
Fire Magic     | 4 5 |  5.6
Conjurations   | 2 3 |  3.2
Dodging        | |  2.4
Stealth        | |  2.4

Action                   |  1- 3 |  4- 6 || total
-------------------------+-------+-------++-------
Melee: Short sword       |     7 |       ||     7
       Glaive            |    15 |     3 ||    18
 Cast: Foxfire           |    27 |    11 ||    38
       Scorch            |     9 |    45 ||    54
Evoke: Wand              |       |     1 ||     1
  Use: Scroll            |     4 |     4 ||     8
       Potion            |     4 |       ||     4
 Stab: Sleeping          |     1 |       ||     1
Armor: Robe              |     3 |     5 ||     8
Dodge: Dodged            |    27 |    17 ||    44
